 Dungeon Crawl Stone Soup version 0.31-a0-700-gf13585253f (webtiles) character file.

Game seed: 1731089557353807631

218 qw the Shooter (level 5, -11/32 HPs)
             Began as a Gargoyle Hunter on Sept 7, 2023.
             Was an Initiate of Okawaru.
             Mangled by an ice beast (13 damage)
             ... on level 4 of the Dungeon.
             The game lasted 00:01:14 (2645 turns).

qw the Shooter (Gargoyle Hunter)                    Turns: 2645, Time: 00:01:14

Health: -11/32     AC: 12    Str: 14      XL:     5   Next: 95%
Magic:  5/5        EV: 10    Int:  9 (10) God:    Okawaru [......]
Gold:   122        SH:  0    Dex: 14 (15) Spells: 4/4 levels left

rFire   . . .        Y - +0 shortbow
rCold   . . .        (shield currently unavailable)
rNeg    + . .        j - +0 swamp dragon scales
rPois   inf          (no helmet)
rElec   +            (no cloak)
rCorr   .            (no gloves)
SInv    .            k - +0 pair of boots
Will    .....        (no amulet)
Stlth   +            (no ring)
HPRegen 0.25/turn    (no ring)
MPRegen 0.09/turn

%: no passive effects
@: no status effects
A: sickness immunity, AC +4, negative energy resistance 1, electricity
resistance, torment resistance 1, petrification resistance
a: Renounce Religion


You were on level 4 of the Dungeon.
You worshipped Okawaru.
Okawaru was noncommittal.
You visited 2 branches of the dungeon, and saw 5 of its levels.

You collected 122 gold pieces.


Innate Abilities, Weirdness & Mutations

You are immune to sickness and miasma.
Your stone body is resilient. (AC +4)
You are immune to poison.
You resist negative energy. (rN+)
You are resistant to electric shocks. (rElec)
You are resistant to unholy torment.
You are immune to petrification.


   Skills:
 + Level 3.3 Fighting
 - Level 6.1 Ranged Weapons
 - Level 2.0 Armour
 - Level 1.5 Dodging
 - Level 1.1 Stealth


You had 4 spell levels left.
You didn't know any spells.
Your spell library was empty.

Inventory:

Hand Weapons
 Y - a +0 shortbow (weapon)
Armour
 j - +0 swamp dragon scales (worn)
 k - a +0 pair of boots (worn)
Jewellery
 b - a ring of protection from cold
Scrolls
 e - a scroll of identify
Potions
 a - 2 potions of mutation
 d - a potion of might
 f - a potion of cancellation {unknown}
 g - a potion of heal wounds {unknown}

Dungeon Overview and Level Annotations

Branches:
Dungeon (4/15)             Temple (1/1) D:4

Altars:
Ashenzari
Cheibriados
Dithmenos
Gozag
Hepliaklqana
Kikubaaqudgha
Nemelex Xobeh
Okawaru
Qazlal
Ru
Sif Muna
Trog
Uskayaw
Vehumet
Zin
The Shining One

Shops:
D:1 *   D:2 =


Message History

You shoot an arrow. The arrow hits the dart slug.
The dart slug is heavily wounded.
You shoot an arrow. The arrow hits the dart slug.
The dart slug is almost dead.
The dart slug launches a dart at you.
The slug dart hits you but does no damage.
You shoot an arrow. The arrow hits the dart slug.
You kill the dart slug!
Okawaru accepts your kill.
An ice beast comes into view.
The ice beast moves out of view.
Found a stone staircase leading down.
You shoot an arrow. The arrow closely misses the ice beast.
You shoot an arrow. The arrow hits the ice beast.
The ice beast is moderately wounded.
You shoot an arrow. The arrow hits the ice beast.
The ice beast is heavily wounded.
You shoot an arrow. The arrow hits the ice beast.
The ice beast is heavily wounded.
You shoot an arrow.
The arrow hits the ice beast but does no damage.
The ice beast is heavily wounded.
The ice beast hits you but does no damage.
You shoot an arrow. The arrow hits the ice beast.
The ice beast is severely wounded.
The ice beast hits you but does no damage.
You shoot an arrow.
The arrow hits the ice beast but does no damage.
The ice beast is severely wounded.
The ice beast hits you. The ice beast freezes you.
You shoot an arrow. The arrow barely misses the ice beast.
The ice beast hits you. The ice beast freezes you!
You shoot an arrow. The arrow closely misses the ice beast.
The ice beast hits you but does no damage.
The ice beast hits you. The ice beast freezes you!
You shoot an arrow.
The arrow hits the ice beast but does no damage.
The ice beast is severely wounded.
The ice beast hits you. The ice beast freezes you!
You die...

.....## .>.....
....... .......
..... ...
#############'####..
#...........@Y.....#
##.#########..######
#.# #..# #.# #..#
#.# #... #.# #.##.
#.# #.. .# #.# ### #
#.#


You could see an ice beast.

Vanquished Creatures
  A hound (D:3)
  Terence (D:2)
  7 adders
  3 worms (D:2)
  3 dart slugs
  8 orcs
  7 bats
  3 endoplasms (D:1)
  2 giant cockroaches
  7 goblins
  A hobgoblin (D:1)
  8 jackals
  6 kobolds
  2 quokkas
  9 ball pythons
  4 frilled lizards
  12 rats
84 creatures vanquished.

Notes
Turn   | Place    | Note
-------+----------+-------------------------------------------
     0 | D:1      | qw the Gargoyle Hunter began the quest for the Orb.
     0 | D:1      | Reached XP level 1. HP: 12/12 MP: 1/1
     0 | D:1      | 0 ||| qw: Version: 0.3-a-76-g4403597
     0 | D:1      | 0 ||| qw: Game counter: 464
     0 | D:1      | 0 ||| qw: Melee chars always use a shield: true
     0 | D:1      | 0 ||| qw: God list: Okawaru
     0 | D:1      | 0 ||| qw: Allow faded altars: false
     0 | D:1      | 0 ||| qw: Do Orc after clearing Dungeon:15 true
     0 | D:1      | 0 ||| qw: Do second Lair branch before Depths: true
     0 | D:1      | 0 ||| qw: Lair rune preference: random
     0 | D:1      | 0 ||| qw: Goals: Normal
     0 | D:1      | 0 ||| PLANNING D:1-11
   161 | D:1      | Reached XP level 2. HP: 17/17 MP: 2/2
   329 | D:1      | Reached XP level 3. HP: 21/21 MP: 3/3
   389 | D:1      | Reached skill level 5 in Ranged Weapons
   395 | D:1      | Found Kehoipn's Assorted Antiques.
   404 | D:1      | 404 ||| SHOPLISTING grey potion (24 gold, have 12).
   404 | D:1      | 404 ||| SHOPLISTING runed robe (99 gold, have 12).
   404 | D:1      | 404 ||| SHOPLISTING scroll labelled IROIPH YNAGA (27 gold,
                  | have 12).
   404 | D:1      | 404 ||| SHOPLISTING scroll labelled OLLEIL HIH BEE (27
                  | gold, have 12).
   657 | D:1      | 657 ||| READING scroll labelled POKULU QECE.
   658 | D:1      | 658 ||| READING scroll labelled IROIPH YNAGA.
   659 | D:1      | 659 ||| READING scroll labelled DUM APSUPOCUIR.
   660 | D:1      | 660 ||| DROPPING scroll of butterflies.
   728 | D:2      | Noticed Terence
   735 | D:2      | Killed Terence
   736 | D:2      | Reached skill level 3 in Fighting
   841 | D:2      | Reached XP level 4. HP: 28/28 MP: 4/4
  1032 | D:2      | Found Mugaigo's Jewellery Shoppe.
  1039 | D:2      | 1039 ||| SHOPLISTING +5 ring of evasion (396 gold, have
                  | 64).
  1039 | D:2      | 1039 ||| SHOPLISTING ring of fire (275 gold, have 64).
  1184 | D:2      | Found a glowing golden altar of the Shining One.
  1414 | D:2      | 1414 ||| UPGRADING to +0 swamp dragon scales.
  1424 | D:2      | 1424 ||| DROPPING +0 leather armour.
  1425 | D:2      | 1425 ||| UPGRADING to +0 pair of boots.
  1430 | D:2      | 1430 ||| READING scroll labelled IRGHAR LIESUXUE.
  1431 | D:2      | 1431 ||| DRINKING 2 blue potions.
  1432 | D:2      | 1432 ||| DRINKING 3 grey potions.
  1433 | D:2      | 1433 ||| READING 2 scrolls of identify.
  1433 | D:2      | 1433 ||| IDENTIFYING sedimented coppery potion
  1434 | D:2      | 1434 ||| DROPPING potion of brilliance.
  1435 | D:2      | 1435 ||| DROPPING 2 potions of degeneration.
  1477 | D:3      | Reached XP level 5. HP: 30/32 MP: 5/5
  1599 | D:3      | Reached skill level 1 in Armour
  1732 | D:3      | Reached skill level 6 in Ranged Weapons
  2154 | D:3      | 2154 ||| DRINKING 2 fizzy blue potions.
  2310 | D:3      | Found a faded altar of an unknown god.
  2411 | D:3      | 2411 ||| DROPPING +1 leather armour of willpower.
  2463 | D:4      | Found a staircase to the Ecumenical Temple.
  2464 | D:4      | 2464 ||| PLANNING TEMPLE
  2473 | Temple   | Entered the Ecumenical Temple
  2474 | Temple   | 2474 ||| PLANNING OKAWARU WORSHIP
  2492 | Temple   | Became a worshipper of Warmaster Okawaru
  2493 | Temple   | 2493 ||| PLANNING D:1-11
  2634 | D:4      | Noticed an ice beast
  2644 | D:4      | HP: 4/32 [ice beast (13)]
  2645 | D:4      | Mangled by an ice beast

Levels and vault maps discovered:
D:1:      sevenhm_arrival_forest_fort_small_5, layout_loops_ring, serial_shops,
          nicolae_shop_overgrown_old_shop
D:2:      minmay_angry_zag, layout_basic, basic_altar, serial_shops,
          nicolae_shop_statue_plus, hangedman_decor_points, uniq_terence
D:3:      layout_basic, shapermc_ecumenical_altar_pompeii, nicolae_the_louvre
D:4:      layout_basic, minmay_temple_entry_overgrown, uniq_crazy_yiuf_cottage,
          uniq_duvessa, uniq_natasha
Temple:   nicolae_temple_slightly_damp_pantheon

Skill      XL: |  1  2  3  4  5 |
---------------+----------------+-----
Ranged Weapons | 5 6 |  6.1
Fighting       | 3 |  3.3
Armour         | 2 |  2.0
Dodging        | |  1.5
Stealth        | |  1.1

Action                     |  1- 3 |  4- 6 || total
---------------------------+-------+-------++-------
   Fire: Shortbow          |    72 |   235 ||   307
    Use: Scroll            |     3 |     2 ||     5
         Potion            |       |     3 ||     3
 Armour: Leather armour    |    12 |    23 ||    35
         Swamp dragon scal |       |   114 ||   114
  Dodge: Dodged            |     6 |    93 ||    99

Table legend:
 A = Non-vault XP
 B = Vault XP
 C = Vault XP percentage of total XP
 D = Non-vault monster count
 E = Vault monster count
 F = Vault count percentage of total count
                 A         B        C        D         E       F
            +---------+---------+-------+---------+---------+-------
      Total |     242 |      70 |  22.4 |      75 |       9 |  10.7
            +---------+---------+-------+---------+---------+-------
        D:1 |      44 |       0 |   0.0 |      26 |       0 |   0.0
        D:2 |      43 |      70 |  61.9 |      13 |       9 |  40.9
        D:3 |     144 |       0 |   0.0 |      31 |       0 |   0.0
        D:4 |      11 |       0 |   0.0 |       5 |       0 |   0.0
            +---------+---------+-------+---------+---------+-------
